 Dungeon Crawl Stone Soup version 0.24.0-13-gcf9b3192b9 (webtiles) character file.

Game seed: 13700699700407478740, levelgen mode: deterministic

473 Gildeon the Magician (level 6, 0/41 HPs)
             Began as a Mummy Conjurer on Nov 8, 2019.
             Was a Follower of Makhleb.
             Slain by a gnoll
             ... wielding a +0 spear
              (7 damage)
             ... on level 4 of the Dungeon on Nov 9, 2019.
             The game lasted 00:21:06 (5464 turns).

Gildeon the Magician (Mummy Conjurer)               Turns: 5464, Time: 00:21:07

Health: 0/41       AC:  2    Str: 11    XL:     6   Next: 83%
Magic:  14/14      EV: 13    Int: 16    God:    Makhleb [*.....]
Gold:   166        SH:  0    Dex: 13    Spells: 1/15 levels left

rFire    x . .     SeeInvis .   i - +0 spear
rCold    + . .     Gourm    .   (no shield)
rNeg     + + +     Faith    .   a - +0 robe
rPois    ∞         Spirit   .   (no helmet)
rElec    .         Reflect  +   (no cloak)
rCorr    .         Harm     .   (no gloves)
MR       .....                  (no boots)
Stlth    +.........             b - +5 amulet of reflection
HPRegen  0.13/turn              (no ring)
MPRegen  0.14/turn              (no ring)

@: confused
A: no food or potions, fire vulnerability, cold resistance 1, negative energy
resistance 3, torment resistance, unbreathing
a: Renounce Religion


You were on level 4 of the Dungeon.
You worshipped Makhleb.
Makhleb was aware of your devotion.
You were not hungry.

You visited 1 branch of the dungeon, and saw 4 of its levels.
You also visited: Sewer.

You collected 166 gold pieces.

Inventory:

Hand Weapons
 i - a +0 spear (weapon)
Missiles
 h - 25 poisoned darts (quivered)
Armour
 a - a +0 robe (worn)
Jewellery
 b - a +5 amulet of reflection (around neck)
Wands
 j - a wand of paralysis (9)
 m - a wand of flame (12)
Scrolls
 c - 2 scrolls of amnesia {unknown}
 d - 2 scrolls of teleportation {unknown}
 e - 2 scrolls of magic mapping
 f - a scroll of blinking
 g - a scroll of remove curse {unknown}
 k - a scroll of immolation {unknown}
 l - 2 scrolls of identify
 n - a scroll of enchant armour {unknown}


   Skills:
 + Level 3.6 Dodging
 + Level 2.2 Stealth
 + Level 5.3 Spellcasting
 + Level 4.7 Conjurations


You had one spell level left.
You knew the following spells:

 Your Spells              Type           Power        Failure   Level  Hunger
a - Magic Dart            Conj           ###.         1%          1    N/A
b - Searing Ray           Conj           ###...       3%          2    N/A
c - Dazzling Spray        Conj/Hex       ##....       17%         3    N/A
d - Iskenderun's Mystic   Conj           ###.....     21%         4    N/A
e - Fulminant Prism       Conj/Hex       ##........   50%         4    N/A

Your spell library contained the following spells:

 Spells                   Type           Power        Failure   Level  Hunger
 Force Lance              Conj/Tloc      ##......     50%         4    N/A

Dungeon Overview and Level Annotations

Branches:
Dungeon (4/15)              Sewer (visited)
 Temple: D:4-7

Altars:
Kikubaaqudgha
Makhleb
Trog
Vehumet
Wu Jian

Annotations:
D:2 Sigmund


Innate Abilities, Weirdness & Mutations

You do not eat or drink.
Your flesh is vulnerable to fire.
You are immune to poison.
Your flesh is cold resistant. (rC+)
You are immune to negative energy. (rN+++)
You are immune to unholy pain and torment.
You can survive without breathing.


Message History

Your will is overpowered!
You are more confused.
You closely miss the gnoll.
The gnoll is moderately wounded.
The gnoll barely misses you. The gnoll hits you with a +0 club!
You're too confused!
The gnoll hits you but does no damage. The gnoll hits you with a +0 club.
You bump into the rock wall.
The gnoll completely misses you. The gnoll barely misses you.
You bump into the rock wall.
The gnoll barely misses you. x2
You bump into the rock wall.
The gnoll misses you. The gnoll hits you with a +0 club!
* * * LOW HITPOINT WARNING * * *
The gnoll closely misses you. The gnoll closely misses you.
The gnoll barely misses you.
There is a stone staircase leading up here.
You're too confused to move!
The gnoll hits you with a +0 club.
* * * LOW HITPOINT WARNING * * *
The gnoll hits you with a +0 spear!
You die...

#..# ###. #.g###
####... #....##
#....## ###...#
#.#### ########..#
#÷# #.........###.#
#............<#
#.gg........###
#.@......#..#######
#[............#....
##########.....[...
###.(..... #.##....
******** #..#....
**,,,,,,** ##.#....
**,,,,,,,,**
#####.##...
*,,,,,,,,,,*
#..........


You could see 2 gnolls.

Vanquished Creatures
  Purgy (Sewer)
  A howler monkey (D:4)
  2 orc wizards
  Terence (D:3)
  A statue (D:4)
  A worker ant (D:4)
  9 adders
  3 oozes
  5 worms
  5 dart slugs (D:2)
  4 leopard geckos
  6 orcs
  8 bats
  6 giant cockroaches
  8 goblins
  4 hobgoblins
  6 jackals
  A quokka (D:2)
  2 ball pythons
  9 frilled lizards
  10 kobolds
  10 rats
103 creatures vanquished.

Notes
Turn   | Place    | Note
-------+----------+-------------------------------------------
     0 | D:1      | Gildeon the Mummy Conjurer began the quest for the Orb.
     0 | D:1      | Reached XP level 1. HP: 13/13 MP: 4/4
   359 | D:1      | Reached skill level 3 in Spellcasting
   399 | D:1      | Reached XP level 2. HP: 10/19 MP: 4/6
   403 | D:1      | Learned a level 2 spell: Searing Ray
  1539 | D:2      | Reached XP level 3. HP: 24/24 MP: 7/7
  1544 | D:2      | Learned a level 3 spell: Dazzling Spray
  1873 | D:2      | Found a burning altar of Makhleb.
  1919 | D:2      | Became a worshipper of Makhleb the Destroyer
  2002 | D:2      | You fall into a shaft and drop 2 floors!
  2246 | D:3      | Reached XP level 4. HP: 26/30 MP: 3/9
  2255 | D:3      | Learned a level 4 spell: Iskenderun's Mystic Blast
  2298 | D:3      | Found a glowing drain.
  2314 | Sewer    | Entered a sewer
  2541 | Sewer    | Noticed Purgy
  2566 | Sewer    | Killed Purgy
  2566 | Sewer    | Reached skill level 4 in Spellcasting
  2566 | Sewer    | Reached XP level 5. HP: 3/35 MP: 1/11
  3221 | D:2      | Reached * piety under Makhleb
  3677 | D:2      | Noticed Sigmund
  3795 | D:3      | Noticed Terence
  3804 | D:3      | Killed Terence
  3953 | D:3      | Found a bloodstained altar of Trog.
  4048 | D:3      | Found an ancient bone altar of Kikubaaqudgha.
  4324 | D:3      | Reached XP level 6. HP: 41/41 MP: 9/13
  4335 | D:3      | Reached skill level 5 in Spellcasting
  4363 | D:3      | Learned a level 4 spell: Fulminant Prism
  4493 | D:3      | Found an ornate altar of the Wu Jian Council.
  4936 | D:4      | Found a radiant altar of Vehumet.
  5464 | D:4      | Slain by a gnoll

Levels and vault maps discovered:
D:1:      onia_arrival_pyramid, layout_basic, minmay_pentomino_v4
D:2:      layout_basic, bloody_makhleb, chequers_serial_rivers_marsh,
          kennysheep_path_1, kennysheep_boxes, uniq_sigmund
D:3:      layout_basic, lemuel_round_altar, overflow_temple_1_default,
          marbit_many_paths, portal_sewer_entry_f, serial_glass,
          glass_columns_a, glass_columns_c, serial_bayou_lake_a, uniq_terence
D:4:      layout_rooms, vehumet_statue, first_ration, nicolae_gozag_seed_capital

Skill      XL: |  1  2  3  4  5  6 |
---------------+-------------------+-----
Spellcasting   | 3 4 5 |  5.3
Dodging        | 2 3 |  3.6
Conjurations   | 4 |  4.7
Stealth        | 2 |  2.2

Action                   |  1- 3 |  4- 6 || total
-------------------------+-------+-------++-------
Melee: Mace              |    15 |       ||    15
       Spear             |    12 |    41 ||    53
Throw: Dart              |     5 |    48 ||    53
 Cast: Magic Dart        |    97 |   149 ||   246
       Searing Ray       |       |    10 ||    10
  Use: Scroll            |     5 |       ||     5
 Stab: Sleeping          |     1 |       ||     1
Armor: Robe              |    10 |    21 ||    31
Dodge: Dodged            |    32 |   116 ||   148
Block: Other             |    11 |    29 ||    40
       Reflection        |       |     1 ||     1
